Map: Jagannatha LE

Players

DisK - Winner!

  • Race: Protoss Protoss
  • Spawn Location: 1:00

MCanning

  • Race: Protoss Protoss
  • Spawn Location: 7:00

Event: DreamHack SC2 Masters 2020 Winter

VOD

Have the link to the VOD?

Description

Time

  • Played on: Oct. 27, 2020, 4:47 p.m.
  • Length: 13:40

All games in this series

Show
View Real Time Build Order
Export as new Build Order

DisK Protoss - Winner!

Build Orders:  

Get SALT Encoding   

  12  0:00  Probe  
  13  0:12  Probe  
  14  0:17  Pylon  
  14  0:24  Probe  
  15  0:35  Gateway  
  15  0:38  Probe (Chrono Boost)  
  16  0:46  Probe (Chrono Boost)  
  16  0:47  Assimilator  
  17  0:52  Probe (Chrono Boost)  
  17  0:55  Assimilator  
  18  1:04  Probe (Chrono Boost)  
  18  1:11  Gateway  
  19  1:13  Probe (Chrono Boost)  
  20  1:19  Probe  
  20  1:25  Cybernetics Core  
  21  1:31  Probe  
  22  1:35  Pylon  
  22  1:43  Probe  
  23  1:55  Probe  
  24  2:01  Stalker x2, Warp Gate  
  24  2:07  Probe  
  29  2:13  Pylon  
  29  2:19  Probe  
  30  2:31  Stalker  
  30  2:32  Stalker  
  33  2:55  Nexus  
  33  3:01  Sentry  
  33  3:03  Sentry  
  37  3:05  Probe  
  37  3:10  Pylon  
  38  3:18  Shield Battery  
  38  3:22  Probe (Chrono Boost)  
  39  3:29  Twilight Council  
  40  3:34  Probe (Chrono Boost)  
  40  3:43  Probe (Chrono Boost)  
  41  3:53  Probe (Chrono Boost)  
  40  3:57  Stalker, Sentry  
  40  4:00  Forge  
  44  4:05  Probe (Chrono Boost)  
  46  4:10  Probe (Chrono Boost)  
  46  4:13  Blink, Probe (Chrono Boost)  
  48  4:18  Phoenix, Probe (Chrono Boost)  
  49  4:25  Probe (Chrono Boost)  
  49  4:27  Probe (Chrono Boost)  
  49  4:30  Stalker  
  53  4:32  Probe (Chrono Boost)  
  53  4:36  Probe (Chrono Boost)  
  53  4:37  Protoss Ground Weapons Level 1 (Chrono Boost), Probe (Chrono Boost)  
  54  4:45  Pylon  
  55  4:47  Probe  
  55  4:48  Probe  
  55  4:51  Robotics Facility  
  57  4:59  Pylon, Probe  
  58  5:01  Probe  
  58  5:02  Assimilator  
  58  5:05  Phoenix  
  59  5:12  Photon Cannon, Probe  
  60  5:16  Photon Cannon, Phoenix  
  60  5:18  Stalker  
  60  5:21  Stalker  
  63  5:32  Probe  
  63  5:33  Probe  
  64  5:38  Observer  
  65  5:45  Nexus  
  65  5:46  Shield Battery  
  65  5:48  Probe x2  
  67  5:51  Stalker  
  67  5:54  Stalker  
  71  6:00  Gateway  
  71  6:03  Gateway  
  71  6:06  Probe x2  
  73  6:14  Stalker  
  73  6:17  Pylon  
  73  6:18  Stalker  
  77  6:20  Probe  
  77  6:24  Pylon  
  78  6:29  Gateway  
  78  6:30  Gateway  
  78  6:34  Charge  
  78  6:49  Probe x2  
  78  6:50  Stalker x2  
  78  6:53  Assimilator  
  84  6:54  Gateway  
  84  6:57  Gateway  
  84  7:00  Probe (Chrono Boost)  
  85  7:03  Probe (Chrono Boost)  
  85  7:07  Protoss Ground Weapons Level 2 (Chrono Boost)  
  84  7:09  Probe (Chrono Boost)  
  84  7:12  Probe (Chrono Boost)  
  87  7:18  Probe (Chrono Boost)  
  87  7:19  Probe (Chrono Boost)  
  87  7:20  Stalker x2  
  87  7:22  Probe (Chrono Boost)  
  92  7:23  Probe (Chrono Boost)  
  94  7:30  Pylon, Probe  
  95  7:37  Nexus  
  95  7:41  Pylon  
  91  8:00  Stalker x7  
  91  8:04  Stalker  
  106  8:08  Probe x2  
  106  8:09  Probe  
  106  8:12  Assimilator  
  109  8:13  Assimilator  
  109  8:16  Robotics Bay  
  109  8:18  Observer  
  106  8:27  Probe x2  
  106  8:31  Robotics Facility  
  108  8:34  Gateway  
  108  8:35  Gateway  
  108  8:40  Observer  
  109  8:41  Probe x2  
  109  8:42  Probe  
  109  8:43  Photon Cannon  
  108  8:49  Stalker x2  
  108  8:50  Stalker x2  
  108  8:53  Probe  
  108  8:55  Probe x3  
  120  8:59  Stalker  
  120  9:01  Stalker  
  124  9:09  Probe x3  
  128  9:10  Probe  
  128  9:21  Probe x3  
  129  9:25  Stalker x5  
  129  9:29  Protoss Ground Weapons Level 3 (Chrono Boost), Pylon  
  129  9:30  Pylon  
  139  9:34  Pylon  
  139  9:36  Pylon  
  139  9:37  Dark Shrine  
  139  9:51  Disruptor x2, Gravitic Boosters  
  140  10:00  Zealot x5  
  140  10:04  Assimilator x2, Photon Cannon  
  148  10:18  Stalker x5  
  156  10:21  Stalker  
  156  10:22  Stalker x2  
  156  10:24  Stalker  
  156  10:25  Stalker  
  166  10:37  Disruptor x2  
  172  10:46  Nexus  
  172  10:47  Pylon  
  163  11:04  Shadow Stride (Chrono Boost), Stalker x6, Pylon  
  163  11:13  Stalker x3, Disruptor x2  
  175  11:23  Stargate  
  171  11:40  Photon Cannon  
  171  11:41  Photon Cannon  
  171  11:42  Shield Battery  
  161  11:55  Dark Templar x5  
  161  11:58  Stalker x4  
  179  12:05  Probe x5  
  179  12:08  Photon Cannon  
  184  12:09  Shield Battery  
  184  12:14  Disruptor, Observer  
  188  12:23  Oracle  
  187  12:34  Photon Cannon  
  175  12:59  Disruptor x2  
  175  13:02  Stalker x9  
Show
View Real Time Build Order
Export as new Build Order

MCanning Protoss 

Build Orders: Oracle Opening 

Get SALT Encoding   

  12  0:00  Probe  
  13  0:12  Probe  
  14  0:17  Pylon  
  14  0:24  Probe  
  15  0:36  Probe (Chrono Boost)  
  15  0:37  Gateway  
  16  0:46  Assimilator  
  16  0:47  Probe (Chrono Boost)  
  17  0:51  Probe (Chrono Boost)  
  17  0:55  Assimilator  
  18  1:03  Probe (Chrono Boost)  
  19  1:11  Gateway  
  19  1:14  Probe (Chrono Boost)  
  20  1:19  Probe (Chrono Boost)  
  21  1:25  Cybernetics Core  
  21  1:29  Probe  
  22  1:39  Pylon  
  22  1:41  Probe  
  22  1:47  Unknown x3  
  23  1:57  Probe  
  24  2:02  Stalker, Sentry  
  24  2:03  Warp Gate  
  28  2:12  Shield Battery  
  28  2:14  Pylon  
  28  2:21  Pylon  
  28  2:23  Probe  
  28  2:29  Stalker  
  31  2:33  Stalker  
  33  2:56  Nexus  
  33  3:07  Stargate  
  33  3:16  Probe  
  33  3:17  Shield Battery  
  34  3:28  Probe  
  34  3:29  Shield Battery  
  35  3:35  Pylon  
  35  3:40  Probe  
  34  3:51  Stalker x2  
  38  3:57  Oracle (Chrono Boost)  
  38  4:01  Probe (Chrono Boost)  
  40  4:09  Probe (Chrono Boost)  
  41  4:13  Probe (Chrono Boost)  
  42  4:18  Probe (Chrono Boost)  
  42  4:20  Shield Battery, Probe (Chrono Boost)  
  42  4:21  Sentry  
  42  4:23  Probe (Chrono Boost)  
  46  4:27  Probe  
  46  4:29  Adept  
  50  4:35  Probe  
  51  4:38  Robotics Facility  
  51  4:39  Probe  
  52  4:46  Assimilator  
  52  4:48  Probe, Void Ray  
  52  4:49  Assimilator  
  53  4:56  Probe  
  53  4:59  Pylon  
  58  5:02  Probe  
  59  5:08  Probe  
  60  5:14  Probe  
  60  5:18  Pylon  
  60  5:20  Probe  
  62  5:22  Stargate  
  62  5:23  Observer  
  62  5:24  Void Ray (Chrono Boost)  
  62  5:25  Pylon  
  62  5:26  Probe  
  64  5:32  Probe  
  69  5:37  Immortal  
  69  5:41  Probe  
  70  5:49  Probe  
  75  5:52  Void Ray (Chrono Boost)  
  79  6:08  Nexus  
  79  6:09  Probe  
  80  6:14  Pylon, Void Ray (Chrono Boost)  
  84  6:21  Observer  
  84  6:24  Probe  
  86  6:27  Pylon  
  86  6:32  Probe  
  87  6:37  Shield Battery, Void Ray (Chrono Boost)  
  87  6:38  Probe  
  87  6:39  Forge  
  88  6:44  Probe  
  92  6:53  Void Ray (Chrono Boost)  
  92  6:54  Stalker, Zealot  
  94  7:00  Probe  
  101  7:17  Shield Battery  
  101  7:19  Immortal (Chrono Boost)  
  101  7:22  Photon Cannon  
  105  7:23  Photon Cannon  
  105  7:24  Protoss Air Weapons Level 1  
  105  7:27  Robotics Bay  
  105  7:29  Probe  
  106  7:30  Void Ray  
  110  7:38  Probe x2  
  110  7:42  Probe  
  113  7:48  Zealot  
  109  8:08  Pylon  
  109  8:09  Pylon  
  109  8:12  Pylon  
  109  8:13  Assimilator  
  109  8:15  Assimilator  
  109  8:17  Photon Cannon  
  109  8:18  Pylon  
  109  8:26  Observer (Chrono Boost), Probe x3, Void Ray (Chrono Boost)  
  113  8:27  Void Ray (Chrono Boost)  
  113  8:36  Photon Cannon  
  113  8:37  Shield Battery  
  113  8:38  Probe  
  113  8:39  Pylon  
  127  8:42  Disruptor (Chrono Boost)  
  127  8:45  Photon Cannon  
  127  8:46  Shield Battery  
  121  8:59  Photon Cannon  
  121  9:00  Photon Cannon  
  121  9:01  Void Ray (Chrono Boost)  
  121  9:07  Disruptor (Chrono Boost)  
  121  9:09  Void Ray  
  128  9:10  Photon Cannon, Zealot  
  128  9:11  Zealot  
  132  9:35  Void Ray  
  132  9:38  Pylon, Disruptor (Chrono Boost)  
  135  9:42  Nexus  
  139  9:46  Void Ray  
  133  10:03  Stalker x2, Disruptor (Chrono Boost)  
  140  10:10  Probe  
  140  10:12  Void Ray (Chrono Boost)  
  141  10:21  Photon Cannon  
  142  10:22  Photon Cannon  
  142  10:23  Fleet Beacon  
  142  10:24  Photon Cannon  
  142  10:26  Void Ray (Chrono Boost)  
  142  10:27  Photon Cannon  
  142  10:29  Shield Battery  
  146  10:39  Disruptor  
  149  10:46  Pylon  
  149  10:48  Photon Cannon, Zealot x2, Shield Battery  
  146  10:58  Void Ray  
  138  11:05  Probe  
  138  11:06  Shield Battery  
  138  11:07  Photon Cannon, Probe  
  138  11:09  Probe  
  141  11:15  Disruptor  
  144  11:20  Void Ray  
  144  11:21  Protoss Air Weapons Level 2 (Chrono Boost)  
  140  11:29  Probe  
  140  11:30  Assimilator  
  145  11:34  Assimilator  
  145  11:35  Pylon, Void Ray  
  145  11:38  Zealot x2  
  149  11:41  Probe x2  
  149  11:42  Probe  
  149  11:47  Flux Vanes  
  149  11:48  Void Ray  
  149  11:49  Probe  
  149  11:50  Disruptor (Chrono Boost)  
  153  11:55  Probe  
  153  11:56  Probe  
  153  11:59  Probe  
  156  12:03  Photon Cannon  
  156  12:04  Shield Battery  
  160  12:09  Photon Cannon  
  160  12:10  Photon Cannon  
  160  12:19  Probe  
  160  12:20  Observer (Chrono Boost)  
  162  12:23  Photon Cannon  
  162  12:24  Photon Cannon  
  162  12:26  Photon Cannon  
  148  12:34  Void Ray  
  148  12:35  Void Ray  
  146  12:41  Disruptor  
  135  12:54  Zealot x2  
  135  12:57  Probe  
  131  13:02  Nexus  
  131  13:07  Pylon  
  113  13:35  Zealot x2  
Tags
 
Add a new tag
Caveats
  • Supply blocks, unpowered buildings, or Contaminate may cause inaccurate times.
  • Supply counts are checked every 10 seconds.